 Dungeon Crawl Stone Soup version 0.28-a0-479-g5baa6b73be (webtiles) character file.

Game seed: 9590107791724078872

16521 Dabor the Cleaver (level 12, -5/66 HPs)
             Began as a Vine Stalker Berserker on Sept 18, 2021.
             Was a High Priest of Trog.
             Slain by an orc warrior (22 damage)
             ... led by an orc warlord
             ... on level 1 of the Orcish Mines.
             The game lasted 00:30:27 (9707 turns).

Dabor the Cleaver (Vine Stalker Berserker)          Turns: 9707, Time: 00:30:27

Health: -5/66      AC: 38    Str: 29    XL:     12   Next: 38%
Magic:  0/13       EV: 10    Int:  7    God:    Trog [*****.]
Gold:   634        SH:  5    Dex: 16    Spells: 11/11 levels left

rFire   . . .      SeeInvis .   q - +7 battleaxe (vorpal)
rCold   . . .      Faith    .   (shield currently unavailable)
rNeg    . . .      Spirit   +   V - +15 Maxwell's patent armour {-Cast -Tele rElec Will+ rCorr}
rPois   .          Reflect  +   L - +1 helmet
rElec   +          Harm     .   (no cloak)
rCorr   +          Rampage  .   D - +2 pair of gloves
Will    ++...      NoTele   +   (no boots) Stlth ..........NoCast +
                                i - amulet of reflection
HPRegen 1.21/turn               s - +6 ring of strength
MPRegen 0.13/turn               z - +4 ring of protection

@: on berserk cooldown, slowed, very slow
A: fangs 3, regeneration 1, magic shield, antimagic bite, no potion heal 2
a: Renounce Religion, Berserk, Trog's Hand, Brothers in Arms


You were on level 1 of the Orcish Mines.
You worshipped Trog.
Trog was extremely pleased with you.
You visited 2 branches of the dungeon, and saw 10 of its levels.
You also visited: Sewer, Ossuary and Bailey.

You collected 1467 gold pieces.
You spent 833 gold pieces at shops.

Inventory:

Hand Weapons
 q - a +7 vorpal battleaxe (weapon)
 N - a +4 triple sword of holy wrath
 U - a +2 halberd of electrocution
Missiles
 j - 4 datura-tipped darts
 n - 99 boomerangs (quivered)
 F - 25 poisoned darts
 R - 6 atropa-tipped darts
Armour
 h - a +3 ring mail of cold resistance
 y - a +0 buckler
 D - a +2 pair of gloves (worn)
 H - a +0 plate armour of fire resistance
 L - a +1 helmet (worn)
 V - the +15 Maxwell's patent armour (worn) {-Cast -Tele rElec Will+ rCorr}
   (You acquired it on level 9 of the Dungeon)

   rElec:     It insulates you from electricity.
   -Cast:     It prevents spellcasting.
   -Tele:     It prevents most forms of teleportation.
   rCorr:     It protects you from acid and corrosion.
   Will:      It increases your willpower.
Jewellery
 i - an amulet of reflection (around neck)
 s - a +6 ring of strength (left hand)
 z - a +4 ring of protection (right hand)
 B - a +4 ring of evasion
 G - a ring of protection from cold
 I - an amulet of the acrobat
Wands
 d - a wand of flame (29)
 C - a wand of iceblast (9)
 J - a wand of digging (4)
Scrolls
 b - 3 scrolls of enchant weapon {unknown}
 c - 3 scrolls of blinking
 f - 2 scrolls of noise
 g - 5 scrolls of teleportation
 u - 2 scrolls of immolation
 v - 2 scrolls of fog
 A - 3 scrolls of amnesia
 E - a scroll of brand weapon
 K - a scroll of vulnerability
 O - a scroll of magic mapping
Potions
 a - 3 potions of mutation {unknown}
 k - 2 potions of flight
 l - 3 potions of degeneration
 m - 7 potions of curing
 o - 4 potions of might
 p - 3 potions of brilliance
 r - a potion of invisibility
 t - 2 potions of attraction
 w - 6 potions of heal wounds
 x - 6 potions of berserk rage
 M - 3 potions of magic {unknown}
 T - a potion of resistance {unknown}
Miscellaneous
 P - a lightning rod (4/4)
 Q - a condenser vane


   Skills:
 * Level 9.0 Fighting
 * Level 9.0 Axes
 + Level 5.5 Throwing
 * Level 8.0 Armour
 + Level 5.8 Dodging
 + Level 8.2 Stealth
 - Level 4.0 Shields


You had 11 spell levels left.
You didn't know any spells.
Your spell library was empty.

Dungeon Overview and Level Annotations

Branches:
Dungeon (9/15)             Temple (0/1) D:4             Orc (1/2) D:9
  Sewer (visited)         Ossuary (visited)          Bailey (visited)
   Lair: D:8-11

Altars:
Cheibriados
Dithmenos
Hepliaklqana
Makhleb
Qazlal
Zin

Shops:
D:9 *   Orc:1 *


Innate Abilities, Weirdness & Mutations

You have razor-sharp teeth.
Your natural rate of healing is unusually fast.
When hurt, damage is shared between your health and your magic reserves.
Your bite disrupts and absorbs the magic of your enemies.
Potions cannot restore your health.


Message History

You hear a shout! x2
You hit the orc warrior. Your bite misses the orc warrior.
The orc warrior is moderately wounded.
The orc warlord hits you from afar with a +2 glaive of pain!!
You writhe in agony.
The orc warrior hits you but does no damage.
An orc warrior comes into view. It is wielding a +0 war axe.
The orc warrior closely misses you.
An ogre comes into view. It is wielding a +0 giant club.
The orc warlord hits you from afar with a +2 glaive of pain!!
You writhe in agony!
* * * LOW HITPOINT WARNING * * *
The orc warrior closely misses you.
The orc warrior hits you from afar with a +0 glaive.
* * * LOW HITPOINT WARNING * * *
You are too injured to fight recklessly!
The orc no longer looks unusually strong.
An orc warrior comes into view. It is wielding a +0 short sword.
The orc closely misses you.
The orc warrior hits you but does no damage.
The orc warlord roars a battlecry!
The orc goes into a battle-frenzy!
The orc warrior hits you with a +0 flail!
* * * LOW HITPOINT WARNING * * *
The orc warrior barely misses you.
Things that are here:
a +0 dagger; a +0 leather armour; 18 gold pieces
As you read the scroll of fear, it crumbles to dust.
You assume a fearsome visage.
The orc warrior looks frightened!
The orc looks frightened!
The orc warlord easily resists.
The orc looks frightened!
The ogre looks frightened!
The orc warrior resists with some effort.
The orc warrior looks frightened! x3; The orc warlord barely misses you.
An orc wizard comes into view. It is wielding a +0 dagger.
The orc wizard shouts!
The orc warlord no longer looks unusually strong.
The orc warlord roars a battlecry!
The orc wizard goes into a battle-frenzy!
The orc warrior hits you with a +1 dire flail of protection!!
You die...

..............##
....##......###
.....#..#..## ##
)...........# ..#
..#....#....# ..##
.#...[.....## ##.#.## #
...[)[......#### ##.....#.#
...[<>......##.###.........
..[.[).........)@.$........
..[.[.........))o).........
.[[[.............∩o)o......
.....#...........))........
..).......#........)...O...
...........#...#.#oo#...##.
........#.........ooo...#
).................$##.....
.................### ##....


You could see an orc warlord, 4 orc warriors, an ogre (fleeing), an orc wizard
(strong) and 2 orcs.

Vanquished Creatures
  An ettin (Orc:1)
  A boulder beetle (D:9)
  A centaur warrior (D:9)
  A two-headed ogre (D:9)
  A deep elf archer (D:9)
  A necromancer (D:9)
  2 orc knights (Orc:1)
  An orc sorcerer (Orc:1)
  An ugly thing (D:9)
  A manticore (D:8)
  A cane toad (shapeshifter) (D:8)
  2 gargoyles (D:7)
  A freezing wraith (D:9)
  An unseen horror (D:8)
  A troll (D:7)
  3 hornets (D:9)
  2 slime creatures
  Sigmund (D:4)
  A vampire (D:9)
  4 steam dragons
  A wraith (D:9)
  A vampire mosquito (D:8)
  3 water moccasins
  An acid dragon (D:9)
  2 sky beasts
  A black bear (D:4)
  9 orc warriors
  2 ice beasts
  2 necrophages
  4 ogres
  7 centaurs
  An elf zombie (Ossuary)
  A kobold brigand (D:8)
  7 bullfrogs
  2 wyvern zombies (D:8)
  A scorpion (D:6)
  2 killer bees (D:8)
  13 wights
  2 jellies
  3 howler monkeys
  2 centaur zombies (D:7)
  A gnoll shaman (D:7)
  3 hounds
  7 orc priests
  3 centaur skeletons
  13 orc wizards
  4 iguanas
  3 killer bee zombies
  A hound skeleton (D:4)
  2 hound zombies
  4 mummies (Ossuary)
  2 howler monkey zombies
  Robin (D:4)
  17 gnolls
  A river rat (D:6)
  7 adders
  2 shadow imps
  2 white imps
  4 ufetubi
  A worm (D:2)
  3 dart slugs
  33 orcs
  5 endoplasms
  10 giant cockroaches
  2 gnoll zombies (Ossuary)
  14 goblins
  20 hobgoblins
  7 jackals
  5 quokkas
  12 ball pythons
  4 bats
  7 frilled lizards
  3 jackal zombies (Ossuary)
  18 kobolds
  2 kobold zombies (Ossuary)
  3 orc zombies (Ossuary)
  9 rats
330 creatures vanquished.

Vanquished Creatures (collateral kills)
  A boulder beetle (D:8)
  A vampire (D:8)
  2 orc warriors (Orc:1)
  2 ogres (Orc:1)
  An orc priest (Orc:1)
  3 orc wizards (Orc:1)
  7 orcs (Orc:1)
17 creatures vanquished.

Vanquished Creatures (others)
  An adder (D:6)
  A bush (D:4)
  7 plants (Orc:1)
9 creatures vanquished.

Grand Total: 356 creatures vanquished

Notes
Turn   | Place    | Note
-------+----------+-------------------------------------------
     0 | D:1      | Dabor the Vine Stalker Berserker began the quest for the
                  | Orb.
     0 | D:1      | Reached XP level 1. HP: 11/11 MP: 2/2
    72 | D:1      | Found a faded altar of an unknown god.
   102 | D:1      | Reached XP level 2. HP: 2/16 MP: 0/3
   872 | D:1      | Reached XP level 3. HP: 15/20 MP: 2/4
  1165 | D:1      | Reached ** piety under Trog
  1681 | D:2      | Gained mutation: Your natural rate of healing is unusually
                  | fast. [Vine Stalker growth]
  1681 | D:2      | Reached XP level 4. HP: 16/24 MP: 5/5
  2096 | D:3      | Reached XP level 5. HP: 15/28 MP: 2/6
  2641 | D:4      | Found a glowing silver altar of Zin.
  2641 | D:4      | Found a stormy altar of Qazlal.
  2643 | D:4      | Found a shadowy altar of Dithmenos.
  2652 | D:4      | Noticed Robin
  2726 | D:4      | Reached *** piety under Trog
  2735 | D:4      | Killed Robin
  2736 | D:4      | Reached skill level 1 in Stealth
  2874 | D:4      | Noticed a black bear
  2878 | D:4      | Killed a black bear
  2879 | D:4      | Reached skill level 1 in Throwing
  2879 | D:4      | Reached XP level 6. HP: 33/33 MP: 7/7
  3059 | D:4      | Noticed a necrophage
  3072 | D:4      | Killed a necrophage
  3073 | D:4      | Reached skill level 1 in Shields
  3314 | D:4      | Found a staircase to the Ecumenical Temple.
  3418 | D:4      | Noticed Sigmund
  3425 | D:4      | Killed Sigmund
  3426 | D:4      | Reached XP level 7. HP: 37/37 MP: 8/8
  3549 | D:5      | Entered Level 5 of the Dungeon
  3710 | D:5      | Found a sand-covered staircase.
  3726 | Ossuary  | Entered an ossuary
  4366 | D:5      | Gained mutation: You have razor-sharp teeth. [Vine Stalker
                  | growth]
  4366 | D:5      | Reached XP level 8. HP: 42/42 MP: 9/9
  4729 | D:6      | Reached skill level 5 in Fighting
  4729 | D:6      | Reached skill level 5 in Axes
  4915 | D:6      | Found a glowing drain.
  4919 | Sewer    | Entered a sewer
  4923 | Sewer    | Reached **** piety under Trog
  5432 | D:6      | Reached XP level 9. HP: 44/47 MP: 10/10
  5637 | D:6      | Found a snail-covered altar of Cheibriados.
  5812 | D:6      | Found a burning altar of Makhleb.
  6121 | D:7      | Noticed a gargoyle
  6129 | D:7      | Killed a gargoyle
  6131 | D:7      | Reached skill level 5 in Armour
  6136 | D:7      | Noticed a gargoyle
  6142 | D:7      | Killed a gargoyle
  6143 | D:7      | Reached skill level 5 in Stealth
  6163 | D:7      | Reached XP level 10. HP: 23/53 MP: 5/11
  6393 | D:7      | Reached ***** piety under Trog
  7118 | D:8      | Noticed a harpy
  7124 | D:8      | Noticed a boulder beetle
  7131 | D:8      | Noticed a cane toad
  7131 | D:8      | a harpy changed into a cane toad
  7132 | D:8      | Killed a cane toad
  7135 | D:8      | Killed an unseen horror
  7155 | D:8      | Killed a boulder beetle
  7158 | D:8      | Noticed a manticore
  7159 | D:8      | Reached XP level 11. HP: 10/58 MP: 7/12
  7160 | D:8      | Killed a manticore
  7848 | D:9      | Found Paotz's General Store.
  8018 | D:9      | Noticed a two-headed ogre
  8033 | D:9      | Killed a two-headed ogre
  8034 | D:9      | Reached skill level 5 in Dodging
  8035 | D:9      | Paralysed by a hornet for 1 turns
  8340 | D:9      | Found a hazy altar of Hepliaklqana.
  8362 | D:9      | Found a staircase to the Orcish Mines.
  8367 | D:9      | Found a flagged portal.
  8378 | Bailey   | Entered a bailey
  8485 | Bailey   | Received a gift from Trog
  8597 | Bailey   | Acquired 731 gold pieces
  8814 | D:9      | Bought a scroll of acquirement for 728 gold pieces
  8814 | D:9      | Bought a scroll of blinking for 105 gold pieces
  8816 | D:9      | Acquired the +15 Maxwell's patent armour {-Cast -Tele rElec
                  | Will+ rCorr}
  8816 | D:9      | Found the +15 Maxwell's patent armour {-Cast -Tele rElec
                  | Will+ rCorr}
  8932 | D:9      | Noticed a boulder beetle
  8938 | D:9      | Killed a boulder beetle
  8940 | D:9      | Paralysed by a hornet for 3 turns
  8944 | D:9      | Noticed a centaur warrior
  8948 | D:9      | Killed a centaur warrior
  8949 | D:9      | Reached skill level 5 in Throwing
  9216 | D:9      | Noticed a necromancer
  9217 | D:9      | Noticed a cyan ugly thing
  9222 | D:9      | Killed a necromancer
  9226 | D:9      | Killed a cyan ugly thing
  9296 | D:9      | Noticed a deep elf archer
  9306 | D:9      | Killed a deep elf archer
  9307 | D:9      | Reached XP level 12. HP: 60/65 MP: 13/13
  9382 | Orc:1    | Entered Level 1 of the Orcish Mines
  9584 | Orc:1    | Noticed an ettin
  9591 | Orc:1    | Killed an ettin
  9671 | Orc:1    | Found Wekli's Assorted Antiques.
  9693 | Orc:1    | Noticed an orc warlord
  9707 | Orc:1    | Slain by an orc warrior

Illustrated notes

Levels and vault maps discovered:
D:1:      zaba_arrival_water, layout_loops_ring,
          shapermc_ecumenical_altar_flowoftime, minmay_pentomino_v4
D:2:      layout_basic
D:3:      layout_rooms
D:4:      layout_basic, gammafunk_temple_overflow_forgotten,
          minmay_temple_entry_gardened_gates, uniq_sigmund, uniq_robin
D:5:      layout_gridville, nicolae_ossuary_entry_false_entrances,
          hangedman_decor_slide_cut
D:6:      layout_cave_pods, kennysheep_mini_moat, kennysheep_mini,
          serial_rivers, chequers_serial_rivers_small_b,
          chequers_serial_rivers_micro_c, chequers_serial_rivers_room_b,
          chequers_serial_rivers_large_b, chequers_serial_rivers_micro_c,
          gup_sewer_entry_bowl
D:7:      cheibrodos_fzero, layout_cave_pods
D:8:      minmay_the_grid_octo_tiled_squarecenter
          [minmay_the_grid_octo_concentric, minmay_the_grid_octo_checkered,
          minmay_the_grid_octo_focus, minmay_the_grid_octo_tetromino_candy,
          minmay_the_grid_square_5x5_megaprize_diamond,
          minmay_the_grid_square_5x5_checkered,
          minmay_the_grid_square_5x5_eight, minmay_the_grid_square_5x5_v,
          minmay_the_grid_square_5x5_broken_cross], layout_basic
D:9:      minmay_chopped_fan, layout_long_grid, general_overflow_altar,
          serial_shops, nicolae_shop_waterfront, enter_bailey_4,
          corexii_checkpoint_b, amcnicky_mini_corridor_feature
Orc:1:    layout_caves, basic_altar, serial_shops,
          nicolae_shop_overgrown_old_shop

Skill      XL: |  1  2  3  4  5  6  7  8  9 10 11 12 |
---------------+-------------------------------------+-----
Fighting       | 3 4 5 6 7 8 9 |  9.0
Axes           | 3 4 5 6 7 8 9 |  9.0
Armour         | 2 3 4 5 6 7 8 |  8.0
Dodging        | 2 3 4 5 |  5.8
Stealth        | 1 2 4 5 6 7 8 |  8.2
Throwing       | 1 2 3 4 5 |  5.5
Shields        | 1 2 3 4 |  4.0

Action                   |  1- 3 |  4- 6 |  7- 9 | 10-12 || total
-------------------------+-------+-------+-------+-------++-------
Melee: Hand axe          |   108 |    58 |       |       ||   166
       Bite              |    28 |    48 |    77 |   174 ||   327
       Mace              |       |    93 |   219 |   260 ||   572
       Battleaxe         |       |       |       |   133 ||   133
Throw: Boomerang         |       |     4 |     9 |    18 ||    31
       Dart              |       |     1 |       |       ||     1
Invok: Berserk           |     2 |     4 |     9 |    12 ||    27
       Trog's Hand       |       |     2 |       |       ||     2
       Brothers in Arms  |       |       |       |     3 ||     3
  Use: Scroll            |       |       |    11 |    13 ||    24
       Potion            |       |       |       |     1 ||     1
 Stab: Sleeping          |     3 |     1 |     1 |     5 ||    10
       Distracted        |       |       |       |     2 ||     2
Armor: Animal skin       |    15 |       |       |       ||    15
       Ring mail         |       |    56 |    65 |   146 ||   267
       Plate armour      |       |       |    74 |    66 ||   140
Dodge: Dodged            |    77 |    67 |   131 |   246 ||   521
Block: Buckler           |       |    23 |   160 |   151 ||   334
       Reflection        |       |     5 |     5 |     7 ||    17
       Other             |       |       |       |    26 ||    26

Table legend: (Time is in decaauts)
 A = Elapsed time spent in this place.
 B = Non-inter-level travel time spent in this place.
 C = Inter-level travel time spent in this place.
 D = Time resting spent in this place.
 E = Time spent auto-exploring this place.
 F = Levels seen in this place.
 G = Mean time per level.
                   A        B        C        D        E       F      G
               +--------+--------+--------+--------+--------+-----+--------+
         Total |  10254 |   9633 |    621 |    616 |   5723 |  13 |  788.8 |
       Dungeon |   8976 |   8355 |    621 |    616 |   5296 |   9 |  997.3 |
  Orcish Mines |    205 |    205 |      0 |      0 |     73 |   1 |  205.0 |
         Sewer |    494 |    494 |      0 |      0 |    142 |   1 |  494.0 |
       Ossuary |    225 |    225 |      0 |      0 |    125 |   1 |  225.0 |
        Bailey |    352 |    352 |      0 |      0 |     85 |   1 |  352.0 |
               +--------+--------+--------+--------+--------+-----+--------+

Top non-repeatable levels by time:
     D:9: 1394 daAuts
     D:1: 1375 daAuts
     D:8: 1156 daAuts
     D:6: 1099 daAuts
     D:4: 998 daAuts
     D:5: 925 daAuts
     D:7: 738 daAuts
     D:2: 644 daAuts
     D:3: 643 daAuts
   Sewer: 494 daAuts
  Bailey: 352 daAuts
 Ossuary: 225 daAuts
   Orc:1: 205 daAuts
